 Dungeon Crawl Stone Soup version 0.16.1 (webtiles) character file.

312 Ghalim the Cudgeler (level 6, 0/40 HPs)
             Began as a Gargoyle Fighter on Apr 3, 2015.
             Slain by an orc
             ... wielding a +0 hand axe
              (2 damage)
             ... on level 3 of the Dungeon.
             The game lasted 00:06:11 (1924 turns).

Ghalim the Cudgeler (Gargoyle Fighter)              Turns: 1924, Time: 00:06:11

Health: 0/40       AC: 11    Str: 26    XL:     6   Next: 42%
Magic:  6/6        EV:  7    Int:  9    God:
Gold:   95         SH:  9    Dex:  9    Spells: 0 memorised, 5 levels left

rFire  . . .     SeeInvis .     a - +0 flail
rCold  . . .     Clarity  .     b - +0 scale mail
rNeg   + . .     SustAb   .     c - +0 shield
rPois  ∞         Gourm    .     (no helmet)
rElec  +         Spirit   .     (no cloak)
rCorr  .         Warding  .     (no gloves)
rMut   .         Stasis   .     (no boots)
MR     .....                    (no amulet)
Stlth  ..........               (no ring)
                                (no ring)

@: mighty, not resistant to hostile enchantments, extremely unstealthy
A: negative energy resistance 1, electricity resistance, unbreathing,
petrification resistance, rot immunity, AC +4
a: no special abilities


You were on level 3 of the Dungeon.
You were not hungry.

You visited 1 branch of the dungeon, and saw 3 of its levels.

You collected 95 gold pieces.

Inventory:

Hand weapons
 a - a +0 flail (weapon)
Armour
 b - a +0 scale mail (worn)
 c - a +0 shield (worn)
 k - a +0 pair of boots
Jewellery
 l - an uncursed amulet of stasis {unknown}
 s - an uncursed ring of magical power {unknown}
Scrolls
 f - 2 scrolls of identify {unknown}
 i - a scroll of immolation {unknown}
 j - a scroll of blinking {unknown}
 n - a scroll of remove curse {unknown}
 o - a scroll of teleportation {unknown}
 p - a scroll of noise {unknown}
Comestibles
 d - a bread ration
 g - 4 fruits
 h - 4 meat rations
 m - a beef jerky
 q - a royal jelly
 r - a slice of pizza
 t - 2 chunks of flesh


   Skills:
 + Level 5.1 Fighting
 * Level 5.5 Maces & Flails
 - Level 3.2 Armour
 - Level 3.2 Shields


You had 5 spell levels left.
You didn't know any spells.

Dungeon Overview and Level Annotations

Branches:
Dungeon (3/15)

Altars:
Yredelemnul

Annotations:
D:3 edsrzf's ghost, average FoSk


Innate Abilities, Weirdness & Mutations

You are resistant to torment.
You are immune to poison.
Your stone body is very resilient (AC +4).
You resist negative energy.
You are resistant to electric shocks.
You can survive without breathing.
You are immune to petrification.
You are immune to rotting.


Message History

Edsrzf's ghost hits you.
* * * LOW HITPOINT WARNING * * *
The orc hits you but does no damage.
You hit the orc but do no damage. The orc hits you with a flail.
* * * LOW HITPOINT WARNING * * *
You block edsrzf's ghost's attack.
You closely miss the orc. The orc hits you with a hand axe.
* * * LOW HITPOINT WARNING * * *
The orc hits you but does no damage.
Edsrzf's ghost hits you but does no damage.
Your shield prevents you from hitting the orc.
The orc hits you but does no damage. Edsrzf's ghost hits you.
* * * LOW HITPOINT WARNING * * *
You block the orc's attack.
Drink which item? (? for menu, Esc to quit)
It was a potion of poison.
You feel slightly nauseous. You block the orc's attack.
You block edsrzf's ghost's attack. You block the orc's attack.
You completely miss the orc. The orc hits you with a hand axe.
You die...

.#######.######!###
#. #.# #.#
#.#######)# #.#
#)#..).)..# #.#
#.#.####### #.#
#.#.# #g# #.#.# #.#
#.#.############o#
#.........>...o@W#
#####.#############
.(.##.#
.#.##.########
#............#
...######.##)#
#..######.##.#
...#...)..##.#
##.#.#######.#


You could see edsrzf's ghost, a gnoll and 2 orcs.

Vanquished Creatures
  A giant frog (D:3)
  A crimson imp (D:3)
  Ijyb (D:2)
  A gnoll (D:3)
  8 adders
  2 worms (D:2)
  3 giant geckos (D:2)
  An ooze (D:1)
  9 orcs (D:3)
  A ball python (D:2)
  3 giant cockroaches
  9 goblins
  5 hobgoblins
  A quokka (D:2)
  7 bats
  2 giant newts
  7 jackals
  14 kobolds
  8 rats
84 creatures vanquished.

Notes
Turn   | Place    | Note
--------------------------------------------------------------
     0 | D:1      | Ghalim, the Gargoyle Fighter, began the quest for the Orb.
     0 | D:1      | Reached XP level 1. HP: 14/14 MP: 1/1
   193 | D:1      | Reached XP level 2. HP: 16/19 MP: 2/2
   812 | D:2      | Reached skill level 4 in Fighting
   812 | D:2      | Reached XP level 3. HP: 24/24 MP: 3/3
   851 | D:2      | Noticed Ijyb
   902 | D:2      | Killed Ijyb
   924 | D:2      | Reached XP level 4. HP: 27/29 MP: 4/4
  1305 | D:2      | Reached XP level 5. HP: 23/34 MP: 5/5
  1724 | D:3      | Found a basalt altar of Yredelemnul.
  1796 | D:3      | Reached skill level 5 in Maces & Flails
  1848 | D:3      | Reached XP level 6. HP: 36/40 MP: 6/6
  1870 | D:3      | Reached skill level 5 in Fighting
  1889 | D:3      | Noticed edsrzf's ghost (average FoSk)
  1922 | D:3      | HP: 2/40 [edsrzf's ghost (4)]
  1924 | D:3      | Slain by an orc

Action                   |  1- 3 |  4- 6 || total
-------------------------+-------+-------++-------
Melee: Flail             |   109 |   219 ||   328
  Use: Potion            |       |     2 ||     2
  Eat: Chunk             |       |     4 ||     4
